 Dungeon Crawl Stone Soup version 0.28.0-45-g0d030f2227 (webtiles) character file.

Game seed: 17794036092829960235

3276 hawla the Geomancer (level 9, -17/50 HPs)
             Began as a Deep Elf Earth Elementalist on Apr 17, 2022.
             Was an Initiate of Vehumet.
             Demolished by a spectral orc warlord
             ... wielding a +1 great sword
             ... summoned by Nergalle
              (31 damage)
             ... on level 10 of the Dungeon.
             The game lasted 00:30:19 (10151 turns).

hawla the Geomancer (Deep Elf Earth Elementalist)  Turns: 10151, Time: 00:30:20

Health: -17/50     AC:  4    Str:  9    XL:     9   Next: 68%
Magic:  1/20       EV: 13    Int: 23    God:    Vehumet [......]
Gold:   490        SH:  0    Dex: 15    Spells: 4/20 levels left

rFire   . . .      SeeInvis .   l - staff of poison
rCold   . . .      Faith    .   (no shield)
rNeg    . . .      Spirit   .   b - +0 robe
rPois   +          Reflect  .   p - +0 helmet
rElec   .          Harm     .   m - +0 cloak
rCorr   .          Rampage  .   (no gloves)
Will    .....                   (no boots)
Stlth   ++........              (no amulet)
HPRegen 0.16/turn               (no ring)
MPRegen 0.17/turn               (no ring)

@: flying
A: strong 1, subdued magic 1
a: Renounce Religion


You were on level 10 of the Dungeon.
You worshipped Vehumet.
Vehumet was noncommittal.
You visited 2 branches of the dungeon, and saw 11 of its levels.

You collected 490 gold pieces.

Inventory:

Missiles
 c - 124 stones (quivered)
 q - 10 boomerangs
Armour
 b - a +0 robe (worn)
 m - a +0 cloak (worn)
 p - a +0 helmet (worn)
Magical Staves
 l - a staff of poison (weapon)
Jewellery
 h - an amulet of regeneration
Scrolls
 g - 3 scrolls of teleportation
 n - a scroll of amnesia
 o - 2 scrolls of identify
 t - a scroll of fear
Potions
 a - a potion of haste {unknown}
 d - a potion of might
 e - 3 potions of curing
 f - a potion of berserk rage
 i - a potion of heal wounds
 j - a potion of brilliance
 r - a potion of flight
 u - 2 potions of resistance


   Skills:
 - Level 3.0 Fighting
 + Level 6.8 Staves
 - Level 1.0 Throwing
 - Level 4.0 Dodging
 - Level 3.0 Stealth
 - Level 6.0 Spellcasting
 + Level 4.0 Conjurations
 + Level 0.0 Hexes
 + Level 6.0 Transmutations
 + Level 0.0 Fire Magic
 + Level 8.0 Earth Magic
 - Level 1.0 Poison Magic
 - Level 3.0 Invocations


You had 4 spell levels left.
You knew the following spells:

 Your Spells              Type           Power      Damage    Failure   Level
a - Sandblast             Erth           66%        2d15      1%          1
b - Stone Arrow           Conj/Erth      52%        3d10      1%          3
c - Passwall              Tmut/Erth      25%        N/A       1%          2
d - Petrify               Tmut/Erth      30%        N/A       3%          4
e - Conjure Flame         Conj/Fire      12%        6-21      9%          3
f - Inner Flame           Hex/Fire       5%         N/A       22%         3

Your spell library contained the following spells:

 Spells                   Type           Power      Damage    Failure   Level
 Magic Dart               Conj           76%        1d6       1%          1
 Ignite Poison            Fire/Tmut/Pois 20%        N/A       8%          3
 Call Imp                 Summ           5%         N/A       11%         2
 Mephitic Cloud           Conj/Pois/Air  16%        N/A       11%         3
 Sticky Flame             Conj/Fire      12%        2d4       32%         4
 Airstrike                Air            2%         N/A       58%         4
 Cause Fear               Hex            2%         N/A       58%         4
 Summon Lightning Spire   Summ/Air       5%         N/A       58%         4
 Lightning Bolt           Conj/Air       6%         1d18      67%         5
 Discord                  Hex            2%         N/A       100%        8


Dungeon Overview and Level Annotations

Branches:
Dungeon (10/15)            Temple (1/1) D:7
   Lair: D:8-11         Orc: D:9-12

Altars:
Ashenzari
Dithmenos
Elyvilon
Gozag
Makhleb
Nemelex Xobeh
Ru
Sif Muna
Uskayaw
Vehumet
Wu Jian
Xom
Zin
The Shining One

Shops:
D:1 ?

Annotations:
D:6 Pikel
D:7 4 runed translucent doors, Antichthon's ghost, novice NaWr; Crazy Yiuf; GilGalad's ghost, novice DrBe; RascalDebosk's ghost, novice MiFi
D:10 Nergalle


Innate Abilities, Weirdness & Mutations

Your muscles are strong. (Str +2)
Your spells are a little easier to cast, but a little less powerful.


Message History

Confirm with . or Enter, or press ? or * to list all spells.
Aiming: Stone Arrow (safe; 1% risk of failure)
Press: ? - help, Shift-Dir - straight line, f/p - Nergalle
Aim: Nergalle, wielding a +4 dagger of electrocution and wearing a +1 robe of cold resistance (moderately wounded, 68% to hit)
The stone arrow hits Nergalle!!
Nergalle is severely wounded.
Nergalle points at you and mumbles some strange words.
Orcish apparitions take form around you.
As you read the scroll of holy word, it crumbles to dust.
You speak a Word of immense power!
The spectral orc warlord convulses!
The spectral orc knight convulses!
Nergalle gestures at you while chanting.
Orcish apparitions take form around you.
The spectral orc warlord is lost in a daze.
Your magical contamination has completely faded away.
You barely miss Nergalle.
Nergalle is severely wounded.
Nergalle points at you and mumbles some strange words.
Orcish apparitions take form around you.
It was a potion of flight.
You feel very buoyant.
You fly up into the air.
The spectral orc knight is lost in a daze.
Nergalle hits you with a +4 dagger of electrocution.
The spectral orc warlord hits you with a +1 great sword!
The spectral orc barely misses you.
You aren't carrying any items that you can evoke.
Throw: 125 stones
Press: ? - help, Q - select action, (/) - cycle Shift-Dir - straight line, f/p - Nergalle
Aim: Nergalle, wielding a +4 dagger of electrocution and wearing a +1 robe of cold resistance (severely wounded, 55% to hit)
You throw a stone.
The stone hits Nergalle but does no damage.
Nergalle is severely wounded.
The spectral orc knight hits you with a +3 war axe!
* * * LOW HITPOINT WARNING * * *
Nergalle gestures at you while chanting.
The bolt of negative energy misses you.
The spectral orc warlord hits you with a +1 great sword!!
Ouch! That really hurt!
You die...

............#
...........##
......?....##
#...........##
##............##
##......[.......##
##..ZZ............##
#..ZZ@..............
.....Zo##.............
......# #.....<.......
.....# ##............
...(# #............
...# #............ ...
#..........#. ..
...........##
............#


You could see Nergalle, a spectral orc (summoned), 2 spectral orc knights and 2
spectral orc warlords.

Vanquished Creatures
  2 polar bears (D:8)
  Grinder (D:6)
  A yak (D:8)
  3 black bears
  2 sky beasts
  2 ice beasts
  2 necrophages
  An ogre (D:6)
  3 centaurs
  3 lemures (D:6)
  2 bullfrogs
  3 scorpions
  A water moccasin zombie (D:7)
  A hornet simulacrum (D:8)
  A water moccasin skeleton (D:4)
  4 killer bees
  5 howler monkeys
  A bullfrog skeleton (D:5)
  2 orc priests
  A hound (D:5)
  A jelly (D:6)
  2 iguanas
  Natasha (D:2)
  3 orc wizards
  A scorpion zombie (D:5)
  2 killer bee zombies
  A centaur simulacrum (D:8)
  A hound skeleton (D:5)
  2 howler monkey zombies (D:7)
  4 adders
  3 ufetubi
  An adder skeleton (D:4)
  A worm (D:4)
  2 dart slugs
  15 orcs
  3 ball pythons
  5 bats
  8 endoplasms
  4 giant cockroaches
  4 goblins
  7 hobgoblins
  22 jackals
  8 kobolds
  4 quokkas
  3 frilled lizards
  4 rats
153 creatures vanquished.

Vanquished Creatures (others)
  4 fungi (D:8)
  A plant (D:8)
5 creatures vanquished.

Grand Total: 158 creatures vanquished

Notes
Turn   | Place    | Note
-------+----------+-------------------------------------------
     0 | D:1      | hawla the Deep Elf Earth Elementalist began the quest for
                  | the Orb.
     0 | D:1      | Reached XP level 1. HP: 10/10 MP: 6/6
   159 | D:1      | Reached XP level 2. HP: 15/15 MP: 4/8
   331 | D:1      | Found a faded altar of an unknown god.
   481 | D:1      | Found Cafeityam's Magic Scroll Shop.
   909 | D:1      | Reached XP level 3. HP: 20/20 MP: 4/9
   913 | D:1      | Learned a level 3 spell: Stone Arrow
  1567 | D:2      | Noticed Natasha
  1572 | D:2      | Killed Natasha
  1573 | D:2      | Reached skill level 1 in Conjurations
  1573 | D:2      | Reached XP level 4. HP: 16/24 MP: 3/11
  1716 | D:2      | Noticed a necrophage
  1721 | D:2      | Killed a necrophage
  1722 | D:2      | Reached skill level 1 in Fighting
  1722 | D:2      | Reached skill level 1 in Invocations
  1722 | D:2      | Reached XP level 5. HP: 24/29 MP: 1/13
  1725 | D:2      | Learned a level 2 spell: Passwall
  2691 | D:2      | Reached skill level 4 in Earth Magic
  2900 | D:3      | Gained mutation: You are resistant to electric shocks.
                  | (rElec) [potion of mutation]
  2900 | D:3      | Lost mutation: You are resistant to electric shocks.
                  | (rElec) [potion of mutation]
  2900 | D:3      | Gained mutation: Your spells are a little harder to cast,
                  | but a little more powerful. [potion of mutation]
  2900 | D:3      | Gained mutation: You have sharp fingernails. [potion of
                  | mutation]
  3082 | D:3      | Found a sparkling altar of Nemelex Xobeh.
  3568 | D:4      | Found a shimmering altar of Xom.
  3800 | D:4      | Reached XP level 6. HP: 34/34 MP: 6/14
  4455 | D:5      | Entered Level 5 of the Dungeon
  4464 | D:5      | Reached skill level 1 in Throwing
  4532 | D:5      | Noticed an ice beast
  4534 | D:5      | Noticed a sky beast
  4638 | D:5      | Killed an ice beast
  4642 | D:5      | Killed a sky beast
  4643 | D:5      | Reached skill level 5 in Earth Magic
  4643 | D:5      | Reached XP level 7. HP: 34/40 MP: 1/15
  5179 | D:5      | Reached skill level 5 in Transmutations
  5184 | D:5      | Learned a level 4 spell: Petrify
  5585 | D:4      | Reached skill level 6 in Earth Magic
  6220 | D:6      | Found a broken altar of Ashenzari.
  6284 | D:6      | Reached XP level 8. HP: 37/45 MP: 9/16
  6700 | D:6      | Noticed Grinder
  6700 | D:6      | Noticed Pikel
  6857 | D:6      | Killed Grinder
  7288 | D:6      | Lost mutation: Your spells are a little harder to cast, but
                  | a little more powerful. [potion of mutation]
  7288 | D:6      | Lost mutation: You have sharp fingernails. [potion of
                  | mutation]
  7288 | D:6      | Gained mutation: You have a somewhat thin skeletal
                  | structure. (Dex +2, Stealth+) [potion of mutation]
  7288 | D:6      | Gained mutation: You are somewhat resistant to further
                  | mutation. [potion of mutation]
  7289 | D:6      | Lost mutation: You have a somewhat thin skeletal structure.
                  | (Dex +2, Stealth+) [potion of mutation]
  7289 | D:6      | Lost mutation: You are somewhat resistant to further
                  | mutation. [potion of mutation]
  7289 | D:6      | Gained mutation: You are somewhat resistant to further
                  | mutation. [potion of mutation]
  7290 | D:6      | Lost mutation: You are somewhat resistant to further
                  | mutation. [potion of mutation]
  7290 | D:6      | Gained mutation: You occasionally shout uncontrollably at
                  | your foes. [potion of mutation]
  7290 | D:6      | Gained mutation: You do not regenerate when monsters are
                  | visible. [potion of mutation]
  7290 | D:6      | Gained mutation: You sometimes lose the ability to read
                  | scrolls when taking damage. [potion of mutation]
  7291 | D:6      | Lost mutation: You do not regenerate when monsters are
                  | visible. [potion of mutation]
  7291 | D:6      | Lost mutation: You sometimes lose the ability to read
                  | scrolls when taking damage. [potion of mutation]
  7291 | D:6      | Lost mutation: You occasionally shout uncontrollably at
                  | your foes. [potion of mutation]
  7291 | D:6      | Gained mutation: Your spells are a little easier to cast,
                  | but a little less powerful. [potion of mutation]
  7291 | D:6      | Gained mutation: Your muscles are strong. (Str +2) [potion
                  | of mutation]
  7378 | D:7      | Reached skill level 5 in Spellcasting
  7378 | D:7      | Reached skill level 1 in Poison Magic
  7629 | D:7      | Reached skill level 7 in Earth Magic
  7958 | D:7      | Found a staircase to the Ecumenical Temple.
  8284 | D:7      | Reached XP level 9. HP: 31/50 MP: 5/20
  8406 | D:7      | Found a runed translucent gate.
  8406 | D:7      | Found a runed translucent gate.
  8406 | D:7      | Found a runed translucent gate.
  8410 | D:7      | Noticed RascalDebosk's ghost (novice MiFi)
  8410 | D:7      | Noticed Antichthon's ghost (novice NaWr)
  8411 | D:7      | Noticed GilGalad's ghost (novice DrBe)
  8599 | D:7      | Reached skill level 8 in Earth Magic
  8599 | D:7      | Reached skill level 1 in Staves
  8763 | Temple   | Entered the Ecumenical Temple
  8818 | Temple   | Became a worshipper of Vehumet
  8907 | D:7      | Found a runed translucent door.
  8908 | D:7      | Noticed Crazy Yiuf
  9311 | D:8      | Noticed a polar bear
  9320 | D:8      | Killed a polar bear
  9652 | D:8      | Noticed a polar bear
  9660 | D:8      | Killed a polar bear
  9661 | D:8      | Reached skill level 5 in Staves
  9901 | D:10     | Entered Level 10 of the Dungeon
 10134 | D:10     | Learned a level 3 spell: Conjure Flame
 10138 | D:10     | Learned a level 3 spell: Inner Flame
 10138 | D:10     | Noticed Nergalle
 10148 | D:10     | Noticed a spectral orc warlord
 10150 | D:10     | Noticed a spectral orc warlord
 10151 | D:10     | Demolished by a spectral orc warlord

Illustrated notes

Levels and vault maps discovered:
D:1:      minmay_arrival_jagged, layout_basic, serial_shops,
          nicolae_shop_advertising_works [nicolae_subvault_shop_adworks],
          shapermc_ecumenical_altar_starsandcircs
D:2:      layout_basic, uniq_natasha
D:3:      layout_rooms, mainiacjoe_overflow_six_doors_small, chequers_jeans
D:4:      layout_gridville, lemuel_crystal_altar
D:5:      layout_rooms, minmay_fractal_squares_diagonal_5
D:6:      layout_layer_cave, ashenzari_altar_1, portal_sewer_entry_d,
          nicolae_underground_beach, uniq_pikel, uniq_grinder
D:7:      layout_loops_ring, minmay_temple_entry_glassed_door,
          gammafunk_ghost_cemetery, serial_glass, glass_columns_c,
          glass_columns_b, uniq_crazy_yiuf_cottage
D:8:      layout_basic, grunt_temple_overflow_open,
          grunt_lair_entry_orc_guard_hut, serial_ice, serial_ice_l,
          serial_ice_f, serial_ice_b, serial_ice_c, serial_ice_h, serial_ice_m
D:9:      layout_loops_ring, fedhas_altar_4, grunt_temple_overflow_cloverleaf,
          erik_orc_3, serial_ice, serial_ice_g, serial_ice_k, serial_ice_m,
          serial_ice_h, minmay_shop_enchanted_jewellery
D:10:     layout_layer_cave, general_overflow_altar, worms_lemuel,
          uniq_nergalle, uniq_harold, uniq_grum
Temple:   minmay_freezing_vapour_temple

Skill      XL: |  1  2  3  4  5  6  7  8  9 |
---------------+----------------------------+-----
Stealth        | 3 |  3.0
Conjurations   | 1 2 3 4 |  4.0
Fighting       | 1 2 3 |  3.0
Dodging        | 3 4 |  4.0
Spellcasting   | 4 6 |  6.0
Transmutations | 2 4 5 6 |  6.0
Invocations    | 1 2 3 |  3.0
Earth Magic    | 4 5 6 7 8 |  8.0
Throwing       | 1 |  1.0
Poison Magic   | 1 |  1.0
Staves         | 6 |  6.8

Action                   |  1- 3 |  4- 6 |  7- 9 || total
-------------------------+-------+-------+-------++-------
Melee: Unarmed           |     4 |    11 |       ||    15
       Rapier            |       |       |    13 ||    13
       Staff             |       |       |    21 ||    21
Throw: Dart              |       |       |     5 ||     5
       Stone             |       |       |     1 ||     1
 Cast: Sandblast         |    48 |    30 |    46 ||   124
       Stone Arrow       |     5 |    41 |   106 ||   152
       Passwall          |       |     1 |       ||     1
  Use: Scroll            |       |     5 |     9 ||    14
       Potion            |       |     3 |    11 ||    14
 Stab: Sleeping          |       |     2 |       ||     2
Armor: Robe              |     8 |     4 |    24 ||    36
Dodge: Dodged            |    19 |    38 |   103 ||   160
